 Dungeon Crawl Stone Soup version 0.19-a0-599-g723c685 (webtiles) character file.

697 richardnixon the Ruffian (level 7, -1/71 HPs)
             Began as a Troll Monk on June 11, 2016.
             Slain by an ogre
             ... wielding a +0 giant club
              (16 damage)
             ... on level 4 of the Dungeon.
             The game lasted 00:05:12 (2273 turns).

richardnixon the Ruffian (Troll Monk)               Turns: 2273, Time: 00:05:13

Health: -1/71      AC:  5    Str: 20    XL:     7   Next: 37%
Magic:  6/6        EV: 10    Int:  6    God:
Gold:   189        SH:  0    Dex: 14    Spells: 0 memorised, 6 levels left

rFire  . . .     SeeInvis .       - Unarmed
rCold  . . .     Gourm    +     h - +0 robe (curse)
rNeg   . . .     Faith    .     (no shield)
rPois  +         Spirit   .     (helmet restricted)
rElec  .         Dismiss  .     (no cloak)
rCorr  .         Reflect  .     (gloves unavailable)
SustAt .         Harm     .     (boots unavailable)
MR     .....                    (no amulet)
Stlth  ++........               (no ring)
                                f - ring of poison resistance {rPois, !d}

@: not resistant to hostile enchantments, unstealthy
A: unfitting armour, claws 3, fast metabolism 3, gourmand, regeneration 2,
shaggy fur 1, tough skin 2
a: no special abilities


You were on level 4 of the Dungeon.
You were full.

You visited 1 branch of the dungeon, and saw 4 of its levels.

You collected 189 gold pieces.

Inventory:

Armour
 a - a +0 robe
 h - a cursed +0 robe (worn)
   (You found it on level 1 of the Dungeon)
Jewellery
 f - a ring of poison resistance (left claw) {rPois, !d}
   (You found it on level 1 of the Dungeon)
Scrolls
 i - 2 scrolls of immolation {unknown}
 m - 3 scrolls of identify {unknown}
 p - a scroll of teleportation {unknown}
 r - a scroll of enchant weapon {unknown}
 s - a scroll of enchant armour {unknown}
Potions
 e - 2 potions of curing {unknown}
 g - 2 potions of might {unknown}
 j - 2 potions of agility {unknown}
 k - a potion of magic {unknown}
 l - a potion of flight {unknown}
 n - 2 potions of heal wounds {unknown}
 o - 2 potions of brilliance {unknown}
 t - a potion of degeneration {unknown}
Books
 u - Sif Muna's Guide on Summoning
   (You found it on level 4 of the Dungeon)

   Spells                             Type                      Level
   a - Summon Small Mammal            Summoning                    1
Comestibles
 b - 3 bread rations {@e1}
 c - 5 meat rations {@e2}
 d - a beef jerky
 q - 2 fruits


   Skills:
 + Level 4.5 Fighting
 - Level 2.4 Dodging
 - Level 1.1 Stealth
 * Level 7.8 Unarmed Combat


You had 6 spell levels left.
You didn't know any spells.

Dungeon Overview and Level Annotations

Branches:
Dungeon (4/15)
 Temple: D:4-7

Altars:
Dithmenos
Kikubaaqudgha
Sif Muna
Vehumet


Innate Abilities, Weirdness & Mutations

You are too large for most types of armour.
You have claws for hands.
Your metabolism is lightning-fast.
You like to eat raw meat.
You heal very quickly.
You are covered in fur. (AC +1)
You have very tough skin. (AC +2)


Message History

No target in view!
An iguana comes into view.
The helpless iguana fails to defend itself.
You mangle the iguana!!
You kill the iguana!
You claw the iguana! The iguana barely misses you.
You scratch the iguana but do no damage.
The iguana bites you!
You take 7 damage, and have 64/71 hp.
You scratch the iguana. The iguana misses you.
You claw the iguana!
You kill the iguana!
No target in view!
You now have 189 gold pieces (gained 12).
An ogre comes into view. It is wielding a giant club.
Found a dagger.
Found a stone staircase leading down.
Health restored: 71 An ogre is nearby! 3 orcs come into view.
The orc shouts!
The orc moves out of view.
An orc priest comes into view. It is wielding a dagger.
The orc shouts!
The orc priest shouts!
The orc throws a tomahawk.
The tomahawk hits you.
Found a stone staircase leading down.
You see here a scroll labeled XOCZEU QUMIEVILIE.
You take 3 damage, and have 68/71 hp.
The orc throws a tomahawk.
The tomahawk misses you.
An orc wizard comes into view. It is wielding a dagger.
The orc wizard casts a spell.
The orc wizard seems to speed up.
The orc hits you with a dagger.
The orc priest casts a cantrip, but nothing happens.
You take 5 damage, and have 63/71 hp.
You barely miss the orc. The orc hits you with a dagger.
You take 4 damage, and have 59/71 hp.
You barely miss the orc. Your claw misses the orc.
The orc hits you but does no damage.
You mangle the orc!!
You kill the orc!
The orc wizard casts a spell at you. The magic dart hits you!
An orc wizard comes into view. It is wielding a dagger.
You take 4 damage, and have 56/71 hp.
You scratch the orc priest. Your claw misses the orc priest.
You hear the slow hiss of a distant avalanche of sand.
The orc wizard gestures wildly while chanting.
The orc wizard flickers and vanishes!
Deactivating autopickup; reactivate with Ctrl-A.
The orc priest hits you with a dagger.
You scratch the orc priest. The orc closely misses you.
You claw the orc priest!
You kill the orc priest!
The orc wizard mumbles some strange words.
The orc wizard blinks!
The orc wizard casts a spell.
The orc wizard blinks!
A hound and an orc priest come into view.
Items here: ( )) [ † a dagger x2; 2 tomahawks; a leather armour; an orc corpse The hound barks!
You scratch the orc. The orc hits you with a mace.
You take 1 damage, and have 56/71 hp.
You scratch the orc.
You kill the orc!
The orc wizard points at you and mumbles some strange words.
The orc priest invokes the aid of Beogh against you.
Beogh smites you!
You take 10 damage, and have 46/71 hp.
The ogre shouts!
The orc priest mumbles some strange prayers to Beogh against you.
Beogh smites you!
You take 16 damage, and have 30/71 hp.
MASSIVE DAMAGE!!
You barely miss the orc priest. The orc priest closely misses you.
You claw the orc priest!
You scratch the orc priest but do no damage.
The orc priest hits you with a trident.
You take 2 damage, and have 29/71 hp.
You scratch the orc priest.
You kill the orc priest!
You hear some strange, mumbled words.
A magic dart appears from out of thin air!
The magic dart hits you!
* * * LOW HITPOINT WARNING * * *
The orc wizard casts a spell at you. You resist with some effort.
You take 9 damage, and have 20/71 hp.
You miss the hound. The hound bites you.
* * * LOW HITPOINT WARNING * * *
The orc wizard gestures wildly while chanting.
The orc wizard blinks!
The hound bites you.
* * * LOW HITPOINT WARNING * * *
Something hits you.
* * * LOW HITPOINT WARNING * * *
You take 6 damage, and have 14/71 hp.
You mangle the hound!!
You kill the hound!
You scratch the ogre. The ogre hits you with a giant club!
You die...

#.## ...
...####.###### #...
.............###....
#######.####........
#.# #..#..#
###.#####.>#....
#(..?o)o..(..#
.....#.####{§.###
......#.# #@##....$
..... #.# #O# ....
..).. #o# #.# ..
...O #># #.# ....
?o. ... .. ###


You could see an ogre and an orc (wandering).

Vanquished Creatures
  Grinder (D:3)
  2 scorpions (D:4)
  A hound (D:4)
  3 orc priests
  A centaur zombie (D:3)
  2 iguanas (D:4)
  A worker ant zombie (D:3)
  4 gnolls (D:3)
  A howler monkey skeleton (D:3)
  4 adders
  2 oozes
  An adder skeleton (D:4)
  A worm (D:3)
  2 dart slugs
  19 orcs
  4 bats
  2 giant cockroaches
  6 goblins
  7 hobgoblins
  4 jackals (D:1)
  A giant cockroach zombie (D:3)
  2 giant newts
  A jackal zombie (D:3)
  4 kobolds
  9 rats
85 creatures vanquished.

Notes
Turn   | Place    | Note
--------------------------------------------------------------
     0 | D:1      | richardnixon the Troll Monk began the quest for the Orb.
     0 | D:1      | Reached XP level 1. HP: 22/22 MP: 0/0
   205 | D:1      | Reached XP level 2. HP: 29/29 MP: 1/1
   562 | D:2      | Reached XP level 3. HP: 36/36 MP: 2/2
   747 | D:2      | Reached skill level 3 in Fighting
  1146 | D:3      | Reached skill level 5 in Unarmed Combat
  1154 | D:3      | Reached XP level 4. HP: 36/45 MP: 3/3
  1395 | D:3      | Reached XP level 5. HP: 45/53 MP: 4/4
  1443 | D:3      | Noticed Grinder
  1464 | D:3      | Killed Grinder
  1464 | D:3      | Reached skill level 6 in Unarmed Combat
  1464 | D:3      | Reached XP level 6. HP: 32/62 MP: 5/5
  1492 | D:3      | Found a shadowy altar of Dithmenos.
  1644 | D:3      | Reached skill level 4 in Fighting
  1652 | D:3      | Reached skill level 7 in Unarmed Combat
  2141 | D:4      | Found a deep blue altar of Sif Muna.
  2141 | D:4      | Found an ancient bone altar of Kikubaaqudgha.
  2143 | D:4      | Found a radiant altar of Vehumet.
  2148 | D:4      | Identified Sif Muna's Guide on Summoning
  2199 | D:4      | Reached XP level 7. HP: 52/70 MP: 6/6
  2271 | D:4      | HP: 17/71 [hound (2)]
  2273 | D:4      | Slain by an ogre

Vault maps used:
D:1:      scummos_arrival_star
D:2:      minmay_misc_feat_square, hangedman_abyss_or_decor_lesser_grid
D:3:      first_bread, serial_undead, serial_undead_c, serial_undead_d,
          serial_undead_c, serial_undead_f, nicolae_dithmenos_shadow_blocks,
          uniq_grinder
D:4:      grunt_temple_overflow_magic_moments,
          minmay_temple_entry_statues_pillars, enter_ossuary_5,
          serial_park_tiny_pond

Skill      XL: |  1  2  3  4  5  6 |
---------------+-------------------+-----
Fighting       | 3 4 |  4.5
Unarmed Combat | 5 6 7 |  7.8
Dodging        | |  2.4
Stealth        | |  1.1

Action                   |  1- 3 |  4- 6 |  7- 9 || total
-------------------------+-------+-------+-------++-------
Melee: Unarmed           |    93 |   118 |    22 ||   233
       Punch             |     3 |     6 |       ||     9
 Stab: Sleeping          |     1 |     1 |     1 ||     3
  Eat: Chunk             |     7 |    16 |       ||    23
Armor: Robe              |    30 |    29 |     1 ||    60
Dodge: Dodged            |    57 |    57 |     6 ||   120

Vault maps used:
D:1:      scummos_arrival_star
D:2:      minmay_misc_feat_square, hangedman_abyss_or_decor_lesser_grid
D:3:      first_bread, serial_undead, serial_undead_c, serial_undead_d,
          serial_undead_c, serial_undead_f, nicolae_dithmenos_shadow_blocks,
          uniq_grinder
D:4:      grunt_temple_overflow_magic_moments,
          minmay_temple_entry_statues_pillars, enter_ossuary_5,
          serial_park_tiny_pond

Table legend:
 A = Turns spent in this place as a percentage of turns spent in the entire game.
 B = Non-inter-level travel turns spent in this place as a percentage of non-inter-level travel turns spent in the entire game.
 C = Inter-level travel turns spent in this place as a percentage of turns spent in this place.
 D = Turns resting spent in this place as a percentage of non-inter-level travel turns spent in this place.
 E = Turns spent auto-exploring this place as a percentage of non-inter-level travel turns spent in this place.
 F = Non-inter-level travel turns spent in this place divided by the number of levels of this place that you've seen.
                   A       B       C       D       E      F
               +-------+-------+-------+-------+-------+----------------------
         Total | 100.0 | 100.0 |   0.6 |   2.3 |  12.8 | 177.8
       Dungeon | 100.0 | 100.0 |   0.6 |   2.3 |  12.8 | 177.8
               +-------+-------+-------+-------+-------+----------------------

Table legend:
 A = Kills in this place as a percentage of kills in entire the game.
 B = Kills by you in this place as a percentage of kills by you in the entire game.
 C = Kills by friends in this place as a percentage of kills by friends in the entire game.
 D = Other kills in this place as a percentage of other kills in the entire game.
 E = Experience gained in this place as a percentage of experience gained in the entire game.
 F = Experience gained in this place divided by the number of levels of this place that you have seen.
                   A       B       C       D       E      F
               +-------+-------+-------+-------+-------+----------------------
         Total | 100.0 | 100.0 |  -nan |  -nan | 100.0 | 249.0
       Dungeon | 100.0 | 100.0 |  -nan |  -nan | 100.0 | 249.0
               +-------+-------+-------+-------+-------+----------------------
